 Dungeon Crawl Stone Soup version 0.30.1-9-gdf580d7c3d (webtiles) character file.

Game seed: 16257771919657145763

266 Kranky the Covert (level 6, -2/70 HPs)
             Began as a Gnoll Wanderer on Oct 13, 2023.
             Splashed by a jelly's acid (3 damage)
             ... on level 3 of the Dungeon.
             The game lasted 00:06:21 (2580 turns).

Kranky the Covert (Gnoll Wanderer)                  Turns: 2580, Time: 00:06:22

Health: -2/70      AC:  3    Str: 11    XL:     6   Next: 20%
Magic:  11/11      EV:  2    Int: 12    God:
Gold:   126        SH:  8    Dex: 13    Spells: 10/11 levels left

rFire   . . .        s - +2 dagger (speed)
rCold   . . .        p - +0 kite shield
rNeg    . . .        u - melded +0 scale mail
rPois   +            f - melded +1 helmet
rElec   .            (cloak currently unavailable)
rCorr   .            j - melded +0 pair of gloves
SInv    .            (boots currently unavailable)
Will    .....        (no amulet)
Stlth   ++++         (no ring)
HPRegen 0.31/turn    (no ring)
MPRegen 0.12/turn

%: no passive effects
@: tree-form, corroded
A: stationary, stasis, torment immunity, boosted hp, (fangs 1), strong nose,
distributed training
a: no special abilities


You were on level 3 of the Dungeon.
You were a tree.
You visited 1 branch of the dungeon, and saw 3 of its levels.

You collected 126 gold pieces.

Inventory:

Hand Weapons
 a - a +0 dagger
 s - a +2 dagger of speed (weapon)
Armour
 b - a +0 pair of gloves
 d - a +0 robe
 f - a +1 helmet (melded)
 j - a +0 pair of gloves (melded)
 p - a +0 kite shield (worn)
 u - a +0 scale mail (melded)
Jewellery
 r - an amulet of faith
 v - a ring of wizardry
Scrolls
 c - 3 scrolls of fog
 h - 4 scrolls of teleportation {unknown}
 i - a scroll of blinking {unknown}
 l - 3 scrolls of identify {unknown}
 n - 3 scrolls of noise {unknown}
 o - a scroll of poison {unknown}
 q - 2 scrolls of magic mapping {unknown}
 t - a scroll of vulnerability {unknown}
Potions
 e - a potion of lignification
 g - 2 potions of degeneration {unknown}
 k - 2 potions of curing {unknown}
 m - 2 potions of attraction {unknown}
 w - a potion of mutation {unknown}
 x - a potion of haste {unknown}
 z - a potion of resistance {unknown}


   Skills:
 + Level 3.2 Fighting
 + Level 1.9 Short Blades
 + Level 1.9 Long Blades
 + Level 1.9 Axes
 + Level 1.9 Maces & Flails
 + Level 1.9 Polearms
 + Level 1.9 Staves
 + Level 1.9 Ranged Weapons
 + Level 3.2 Throwing
 + Level 1.9 Armour
 + Level 1.9 Dodging
 + Level 9.8 Stealth
 + Level 1.9 Shields
 + Level 1.9 Unarmed Combat
 + Level 3.4 Spellcasting
 + Level 1.5 Conjurations
 + Level 1.5 Hexes
 + Level 1.5 Summonings
 + Level 1.5 Necromancy
 + Level 1.5 Translocations
 + Level 4.1 Transmutations
 + Level 1.5 Fire Magic
 + Level 1.5 Ice Magic
 + Level 1.5 Air Magic
 + Level 1.5 Earth Magic
 + Level 1.5 Poison Magic
 + Level 2.1 Invocations
 + Level 1.9 Evocations


You had 10 spell levels left.
You knew the following spells:

 Your Spells              Type           Power      Damage    Failure   Level
a - Beastly Appendage     Tmut           22%        N/A       21%         1

Your spell library contained the following spells:

 Spells                   Type           Power      Damage    Failure   Level
 Passwall                 Tmut/Erth      6%         N/A       45%         2
 Sandblast                Erth           10%        2d5       50%         1
 Ignite Poison            Fire/Tmut/Pois 7%         N/A       77%         3
 Stone Arrow              Conj/Erth      10%        3d7       86%         3
 Ice Form                 Ice/Tmut       8%         N/A       97%         4
 Passage of Golubria      Tloc           5%         N/A       99%         4
 Silence                  Hex/Air        2%         N/A       100%        5
 Lehudib's Crystal Spear  Conj/Erth      2%         10d2      100%        8


Dungeon Overview and Level Annotations

Branches:
Dungeon (3/15)

Altars:
Zin

Annotations:
D:2 Sigmund
D:3 kamileon1's ghost, weakling DgWn


Innate Abilities, Weirdness & Mutations

You are a tree.
Your roots penetrate the ground, keeping you stationary.
You cannot be teleported.
You are immune to unholy pain and torment.
Your maximum health is greatly increased.
Your equipment is partially melded.
((You have very sharp teeth.))
Your uncanny sense of smell can sniff out nearby items.
Your experience applies equally to all skills.


Message History

You hit the jelly but do no damage.
Your hands burn!
You bite the jelly, but do no damage.
The jelly is moderately wounded.
You completely miss the jelly. You bite the jelly, but do no damage.
The jelly is moderately wounded.
The jelly hits you but does no damage.
You hit the jelly but do no damage.
Your hands burn!
The jelly is moderately wounded.
The jelly hits you but does no damage.
You hit the jelly. The acid corrodes you!
Your hands burn!
The jelly is heavily wounded.
The jelly hits you.
You are splashed with acid!
You completely miss the jelly.
The jelly is heavily wounded.
The jelly hits you.
You are splashed with acid!
You hit the jelly but do no damage.
Your hands burn!
* * * LOW HITPOINT WARNING * * *
The jelly is heavily wounded.
You block the jelly's attack. The jelly attacks as you move away!
The jelly hits you.
* * * LOW HITPOINT WARNING * * *
The acid corrodes you!
You are splashed with acid!
* * * LOW HITPOINT WARNING * * *
The jelly attacks as you move away! You block the jelly's attack.
The jelly attacks as you move away! The jelly barely misses you.
The jelly jiggles.
The jelly attacks as you move away! The jelly barely misses you.
Really quaff the potion of lignification? [Y]es or [N]o only, please.
Really quaff the potion of lignification?
You turn into a tree.
Your +1 helmet melds into your body.
Your +0 pair of gloves melds into your body.
Your +0 scale mail melds into your body.
Your roots penetrate the ground.
The jelly hits you but does no damage.
Unknown command.
You hit the jelly. The acid corrodes you!
Your branches burn!
* * * LOW HITPOINT WARNING * * *
The jelly is severely wounded.
You hit the jelly but do no damage. The acid corrodes you!
Your branches burn!
You die...

#.....# ###.######### ######
#.....# #....)...# #....###.....#
########.#
#....#.......############.##
#....#...>..................
#....#...............###..##
#....#...>...........# #....
#....#...............# #.###
######....#.....♣.........# #.# #
.....'.....)....J.........# #.###
.#####....#...............# #....
.# #....#.....#####.....# #####
.# #....#.....# #.###.# #...# .#
#....#....w#####.# #.###.#.# .#
#....#........w..# #.....#..
.##########....#####..###..######
.....# #....#####..#...J......


You could see a worm and a jelly.

Vanquished Creatures
  Grinder (D:3)
  An adder (D:2)
  A worm (D:3)
  4 dart slugs
  3 orcs (D:2)
  8 endoplasms
  3 giant cockroaches
  6 goblins
  5 hobgoblins
  5 kobolds
  A quokka (D:1)
  6 ball pythons
  3 bats
  4 frilled lizards
  5 rats
56 creatures vanquished.

Notes
Turn   | Place    | Note
-------+----------+-------------------------------------------
     0 | D:1      | Reached skill level 9 in Stealth
     0 | D:1      | Kranky the Gnoll Wanderer began the quest for the Orb.
     0 | D:1      | Kranky set off with the following items: a +0 dagger, a +0
                  | pair of gloves, a scroll of fog, a +0 robe, a potion of
                  | lignification; and the following spell memorised: Beastly
                  | Appendage; and the following spells available to memorise:
                  | Ignite Poison, Ice Form.
     0 | D:1      | Reached XP level 1. HP: 17/17 MP: 4/4
   114 | D:1      | Reached XP level 2. HP: 23/23 MP: 5/5
   155 | D:1      | Found a faded altar of an unknown god.
   702 | D:1      | Reached XP level 3. HP: 28/28 MP: 7/7
   992 | D:2      | Reached skill level 1 in Invocations
  1181 | D:2      | Reached skill level 1 in Short Blades
  1181 | D:2      | Reached skill level 1 in Long Blades
  1181 | D:2      | Reached skill level 1 in Axes
  1181 | D:2      | Reached skill level 1 in Maces & Flails
  1181 | D:2      | Reached skill level 1 in Polearms
  1181 | D:2      | Reached skill level 1 in Staves
  1181 | D:2      | Reached skill level 1 in Ranged Weapons
  1181 | D:2      | Reached skill level 1 in Armour
  1181 | D:2      | Reached skill level 1 in Dodging
  1181 | D:2      | Reached skill level 1 in Shields
  1181 | D:2      | Reached skill level 1 in Unarmed Combat
  1181 | D:2      | Reached skill level 1 in Evocations
  1337 | D:2      | Reached XP level 4. HP: 34/34 MP: 8/8
  1412 | D:2      | Noticed Sigmund
  1576 | D:3      | Noticed kamileon1's ghost (weakling DgWn)
  1813 | D:3      | Found a glowing silver altar of Zin.
  1826 | D:3      | Noticed Grinder
  1980 | D:3      | Paralysed by Grinder for 5 turns
  2106 | D:3      | Paralysed by Grinder for 3 turns
  2120 | D:3      | Killed Grinder
  2121 | D:3      | Reached skill level 1 in Conjurations
  2121 | D:3      | Reached skill level 1 in Hexes
  2121 | D:3      | Reached skill level 1 in Summonings
  2121 | D:3      | Reached skill level 1 in Necromancy
  2121 | D:3      | Reached skill level 1 in Translocations
  2121 | D:3      | Reached skill level 1 in Fire Magic
  2121 | D:3      | Reached skill level 1 in Ice Magic
  2121 | D:3      | Reached skill level 1 in Air Magic
  2121 | D:3      | Reached skill level 1 in Earth Magic
  2121 | D:3      | Reached skill level 1 in Poison Magic
  2121 | D:3      | Reached XP level 5. HP: 13/41 MP: 8/10
  2121 | D:3      | Reached XP level 6. HP: 15/47 MP: 8/11
  2267 | D:3      | Found a runed translucent gate.
  2267 | D:3      | Found a runed translucent gate.
  2268 | D:3      | Found a runed translucent gate.
  2571 | D:3      | HP: 2/47 [acid (9)]
  2579 | D:3      | HP: 1/70 [acid (5)]
  2580 | D:3      | Splashed by a jelly's acid

Illustrated notes

Levels and vault maps discovered:
D:1:      minmay_arrival_arboretum_small, layout_loops_cross,
          nicolae_ecumenical_lake_church, minmay_cupped
D:2:      layout_rooms, uniq_crazy_yiuf_cottage, uniq_sigmund
D:3:      layout_basic, general_overflow_altar, gammafunk_ghost_split,
          uniq_grinder

Skill      XL: |  1  2  3  4 |
---------------+-------------+-----
Stealth        | |  9.8
Invocations    | 1 2 |  2.1
Short Blades   | 1 |  1.9
Long Blades    | 1 |  1.9
Axes           | 1 |  1.9
Maces & Flails | 1 |  1.9
Polearms       | 1 |  1.9
Staves         | 1 |  1.9
Ranged Weapons | 1 |  1.9
Armour         | 1 |  1.9
Dodging        | 1 |  1.9
Shields        | 1 |  1.9
Unarmed Combat | 1 |  1.9
Evocations     | 1 |  1.9
Spellcasting   | 3 |  3.4
Fighting       | 3 |  3.2
Throwing       | 3 |  3.2
Conjurations   | 1 |  1.5
Hexes          | 1 |  1.5
Summonings     | 1 |  1.5
Necromancy     | 1 |  1.5
Translocations | 1 |  1.5
Transmutations | 4 |  4.1
Fire Magic     | 1 |  1.5
Ice Magic      | 1 |  1.5
Air Magic      | 1 |  1.5
Earth Magic    | 1 |  1.5
Poison Magic   | 1 |  1.5

Action                     |  1- 3 |  4- 6 || total
---------------------------+-------+-------++-------
  Melee: Dagger            |   104 |   120 ||   224
         Bite              |     9 |    12 ||    21
         Punch             |     1 |       ||     1
    Use: Potion            |       |     1 ||     1
   Stab: Sleeping          |    19 |     7 ||    26
 Armour: Robe              |    39 |       ||    39
         Scale mail        |     1 |    31 ||    32
         Skin              |       |     1 ||     1
  Dodge: Dodged            |    73 |    26 ||    99
  Block: Kite shield       |    21 |    23 ||    44
